AoeStats
← The Stray King

Lombardia

510255597Analyzed
4v4 RM · 2d ago on Sep 30, 2026· 17m 24s· 8 players
Game mode
Random Map
Map size
Large (8 player)
Population
200
Speed
Normal
Resources
Standard
Victory
Conquest
Starting age
Dark Age
Ending age
Imperial Age
RankedLock teamsTeams togetherTeam positionsShared explorationLock speedFull tech treeHidden civsTurbo modeCheats
Victory
Defeat
🇺🇸 Magyars · United States
1492
+7
🇺🇾 Khitans · Uruguay
1234
+17
🇺🇸 Varangians · United States
1141
+20
1128
+21
🇭🇰 Khmer · Hong Kong SAR China
1302
-18
🇻🇳 Magyars · Vietnam
1284
-18
🇨🇳 Chinese · China
1229
-15
🇨🇳 Vietnamese · China
1191
-14
虫
11:41 Feudal Age
13:44 Double-Bit Axe
13:43 Horse Collar
16:36 Castle Age
美花莉大胜利
7:49 Loom
10:21 Feudal Age
10:58 Double-Bit Axe
10:57 Horse Collar
16:25 Castle Age
16:07 Fletching
巨大的问号
0:31 Loom
9:11 Feudal Age
10:32 Double-Bit Axe
10:29 Horse Collar
15:38 Gold Mining
16:46 Wheelbarrow
anhdeptraibd
1:04 Loom
9:50 Feudal Age
The Stray King
5:18 Loom
9:36 Feudal Age
10:10 Double-Bit Axe
12:19 Bloodlines
16:34 Horse Collar
WIZ
7:18 Loom
9:29 Feudal Age
10:19 Double-Bit Axe
10:26 Horse Collar
15:21 Scale Barding Armor
18:07 Wheelbarrow
سلام عليكم Salam Alaiku
6:14 Loom
10:26 Feudal Age
12:02 Double-Bit Axe
12:58 Padded Archer Armor
14:22 Fletching
15:19 Horse Collar
17:38 Wheelbarrow
Kempachi
10:06 Feudal Age
9:57 Loom
10:51 Double-Bit Axe
14:08 Forging
17:22 Domestication
Connection lost

Rejoining the realm…

Still unreachable

The connection could not be restored.

Session expired

The server has moved on; the page needs a fresh start.